 Dungeon Crawl Stone Soup version 0.29.1-13-g9f3cf754e1 (webtiles) character file.

Game seed: 9653767696478100398

275893 Gabide the Shatterer (level 21, -12/186 HPs)
             Began as a Formicid Berserker on Feb 2, 2023.
             Was an Elder of Trog.
             Mangled by a vault warden
             ... wielding a +0 great mace
              (48 damage)
             ... on level 2 of the Vaults on Feb 3, 2023.
             The game lasted 01:41:47 (37439 turns).

Gabide the Shatterer (Formicid Berserker)          Turns: 37439, Time: 01:41:47

Health: -12/186    AC: 20    Str: 43    XL:     21   Next: 21%
Magic:  0/26       EV: 20    Int: 11    God:    Trog [****..]
Gold:   3088       SH:  0    Dex: 13    Spells: 20/20 levels left

rFire   . . .      SeeInvis +   a - +9 giant spiked club (vorpal)
rCold   . . .      Faith    .   (shield currently unavailable)
rNeg    . . .      Spirit   +   b - +4 moon troll leather armour {Spirit, Regen++ MP+5}
rPois   .          Reflect  .   (helmet unavailable)
rElec   .          Harm     .   J - +2 cloak
rCorr   .          Rampage  .   n - +2 pair of gloves
Will    ++++.                   q - +2 pair of boots
Stlth   +.........              D - amulet of regeneration
HPRegen 3.81/turn               l - +6 ring of strength
MPRegen 0.20/turn               K - ring of Awe {Str+6 Int+2}

@: mighty, strong-willed, regenerating, studying Polearms, invisible
A: permanent stasis, dig shafts and tunnels, antennae 3, four strong arms
}: 2/15 runes: decaying, serpentine
a: Dig, Shaft Self, Renounce Religion, Trog's Hand, Brothers in Arms


You were on level 2 of the Vaults.
You worshipped Trog.
Trog was greatly pleased with you.
You visited 6 branches of the dungeon, and saw 32 of its levels.
You also visited: Sewer, Ice Cave and Wizlab.

You collected 5744 gold pieces.
You spent 2656 gold pieces at shops.

Inventory:

Hand Weapons
 a - a +9 vorpal giant spiked club (weapon)
 t - a +9 giant spiked club of flaming
Missiles
 k - 10 curare-tipped darts
 p - 3 boomerangs of dispersal
 u - a throwing net
 y - 7 boomerangs (quivered)
Armour
 b - the +4 moon troll leather armour (worn) {Spirit, Regen++ MP+5}
   (You took it off a moon troll in a wizard's laboratory)

   MP:        It affects your magic capacity (+5).
   Regen:     It increases your rate of health regeneration.
 n - a +2 pair of gloves (worn)
 q - a +2 pair of boots (worn)
 G - the +8 ice dragon scales of Immorality {Fly rF- rC++}
   (You found it in an ice cave)

   rF:        It makes you vulnerable to fire.
   rC:        It greatly protects you from cold.
   Fly:       It grants you flight.
 J - a +2 cloak (worn)
 U - the +3 scale mail of the Valley of Death {+Blink rPois Dex+2 SInv}
   (You bought it in a shop on level 2 of the Snake Pit)

   Dex:       It affects your dexterity (+2).
   rPois:     It protects you from poison.
   SInv:      It lets you see invisible.
   +Blink:    It lets you blink.
 X - the +1 pair of boots of Inference {*Corrode rPois rF- rN+++}
   (You found it in a wizard's laboratory)

   rF:        It makes you vulnerable to fire.
   rPois:     It protects you from poison.
   rN:        It renders you almost immune to negative energy.
   *Corrode:  It may corrode you when you take damage.
Jewellery
 h - a ring of flight
 j - the ring "Sehiceal" {rF+ AC+4}
   (You found it in a wizard's laboratory)

   [ring of protection]

   AC:        It affects your AC (+4).
   rF:        It protects you from fire.
 l - a +6 ring of strength (left hand)
 r - an amulet of reflection
 B - the amulet of Tal Tat {Spirit rC- Str+5}
   (You bought it in a shop on level 2 of the Orcish Mines)

   [amulet of guardian spirit]

   It causes incoming damage to be divided between your reserves of health and
   magic.
   Str:       It affects your strength (+5).
   rC:        It makes you vulnerable to cold.
 D - an amulet of regeneration (around neck)
 K - the ring of Awe (right hand) {Str+6 Int+2}
   (You found it in an ice cave)

   [ring of strength]

   Str:       It affects your strength (+6).
   Int:       It affects your intelligence (+2).
 L - a ring of resist corrosion
Wands
 g - a wand of polymorph (15)
 x - a wand of quicksilver (29)
 z - a wand of mindburst (29)
 M - a wand of charming (13)
 V - a wand of flame (15)
 Y - a wand of iceblast (40)
Scrolls
 e - 9 scrolls of vulnerability
 i - 7 scrolls of poison
 v - 5 scrolls of immolation
 w - 4 scrolls of magic mapping
 A - 5 scrolls of torment
 I - 4 scrolls of enchant weapon
 N - 3 scrolls of butterflies
 P - 2 scrolls of brand weapon
 Q - 4 scrolls of fear
 R - a scroll of enchant armour
Potions
 c - a potion of heal wounds
 d - 3 potions of might
 f - 8 potions of lignification
 m - 3 potions of cancellation
 s - 3 potions of attraction
 C - 4 potions of mutation
 F - 7 potions of ambrosia
 H - 3 potions of magic
 T - 2 potions of curing
 W - a potion of flight
Miscellaneous
 o - a phantom mirror
 E - a lightning rod (4/4)
 O - a tin of tremorstones (2/2)
 Z - a phial of floods


   Skills:
 + Level 21.3 Fighting
 * Level 24.5 Maces & Flails
 - Level 10.0 Armour
 + Level 18.4 Dodging


You had 20 spell levels left.
You didn't know any spells.
Your spell library was empty.

Dungeon Overview and Level Annotations

Branches:
Dungeon (15/15)            Temple (0/1) D:6            Lair (5/5) D:10
  Swamp (4/4) Lair:3        Snake (4/4) Lair:2        Slime (0/5) Lair:4
    Orc (2/2) D:11            Elf (0/3) Orc:2        Vaults (2/5) D:14
 Depths (0/4) D:15          Sewer (visited)           IceCv (visited)
 WizLab (visited)
  Crypt: Vaults:2-3

Altars:
Cheibriados
Dithmenos
Elyvilon
Fedhas
Gozag
Makhleb
Okawaru
Sif Muna
Trog
Uskayaw
Xom
Jiyva

Shops:
D:4 *   D:5 [   Orc:2 (?:[(:*(*   Snake:2 **?   Snake:3 [   Snake:4 *
Vaults:1 !

Portals:
Trove: D:11 (give +3 ice dragon scales)


Innate Abilities, Weirdness & Mutations

You cannot be hasted, slowed, berserked, paralysed or teleported.
You can dig through walls and to a lower floor.
You have a pair of large antennae on your head. (SInv)
Your four strong arms can wield two-handed weapons with a shield.


Message History

The frost giant freezes you.
The dire elephant tramples you but does no damage.
The dire elephant barely misses you. The yaktaur captain hits you!
The ironbound convoker hits you with a +0 great mace!
The orc knight closely misses you. The ironbound preserver misses you.
The vault warden closely misses you.
You catch the helpless ironbound convoker completely off-guard!
You bludgeon the ironbound convoker!!
You kill the ironbound convoker!
Trog accepts your kill.
Trog appreciates your killing of a magic user.
The sentinel's mark upon you fades away.
Unknown command.
You puncture the vault warden!
The vault warden is lightly wounded.
The frost giant hits you with a +1 battleaxe of freezing!
* * * LOW HITPOINT WARNING * * *
The frost giant freezes you.
* * * LOW HITPOINT WARNING * * *
The dire elephant completely misses you. x2
The yaktaur captain completely misses you.
The orc knight completely misses you. The vault warden closely misses you.
The ironbound preserver hits you but does no damage.
The dire elephant misses you.
The dire elephant trunk-slaps you but does no damage.
The orc knight completely misses you. The vault warden completely misses you.
Things that are here:
a +0 great mace; a +0 scale mail Unknown command.
The vault warden attacks as you move away!
The vault warden hits you with a +0 great mace!!
* * * LOW HITPOINT WARNING * * *
The dire elephant misses you. The dire elephant trunk-slaps you.
* * * LOW HITPOINT WARNING * * *
The yaktaur captain wields a +0 arbalest.
The yaktaur captain shoots a bolt.
The bolt hits the dire elephant!!
Really walk into that dispersal trap?
The vault warden attacks as you move away!
The vault warden hits you with a +0 great mace!!!
You die...

#....#....#....#.......
#....#{...##...#.......
*#...#+{...##..'..)....
#....#.....##'#.#)#.#.
#..c.##.......#...)...
##....##......#.....[.
#..o).##.....#.......
##pCYp.###...####'###
##.@p...##### #.....
##^.......,* #....#
##..:....,* #...##
****************##.....,*
#..##.
*,,,,,,,**,,,,,,,*###..,*
#.##.. *,**,**,**,,,,,,,*
**#** #.#...
*,**,**,**,,,,,,,* #.##..
*,,,,,,,**,,,,,,,* #..##.
*,**,**,**,,,,,,,* #...##


You could see a dire elephant (strong, unable to see you), an ironbound
preserver (unable to see you), a frost giant (strong), a vault warden (strong),
a yaktaur captain (unable to see you), an orc knight (unable to see you) and an
ironbound convoker (unable to see you).

Vanquished Creatures
  the Lernaean hydra (Swamp:4)
  A tentacled monstrosity (Swamp:3)
  Mlioglotl (Swamp:1)
  A moon troll (WizLab)
  8 tentacled starspawn (WizLab)
  A sphinx (Vaults:2)
  12 nagarajas
  A fenstrider witch (Swamp:3)
  A cacodemon (WizLab)
  A vault warden (Vaults:1)
  Aizul (Snake:2)
  A quicksilver ooze (IceCv)
  5 ironbound preservers
  2 war gargoyles
  8 very ugly things
  4 ironbound thunderhulks
  9 stone giants (WizLab)
  8 eleionomae
  The ghost of donbex the Nimble, a journeyman DECj of Vehumet (Orc:2)
  2 bunyips
  The ghost of Jauss the Cleaver, a journeyman MiFi of Okawaru (D:12)
  5 dire elephants
  Snorg (D:12)
  2 green deaths (Swamp:4)
  A fire dragon (D:14)
  A crystal guardian (WizLab)
  7 great orbs of eyes
  3 boulder beetles
  3 salamander tyrants
  A spriggan air mage (Swamp:4)
  The ghost of TangoThomas the Arsonist, a journeyman DsCA of Ignis (Orc:1)
  A peacekeeper (Vaults:1)
  A hell beast (Swamp:4)
  8 centaur warriors
  3 vault guards (Vaults:1)
  An ogre mage (D:15)
  15 hydras
  5 ironbound frosthearts
  3 ghost crabs
  2 catoblepae
  9 anacondas
  7 two-headed ogres
  10 naga warriors (Snake:4)
  8 alligators
  4 death yaks
  An orc high priest (Orc:2)
  Sonja (Orc:1)
  12 naga sharpshooters
  3 shock serpents
  5 skeletal warriors (D:15)
  A wretched star (WizLab)
  5 glowing orange brains (WizLab)
  6 salamander mystics
  5 spriggan druids
  An orange crystal statue (WizLab)
  8 deep trolls
  2 goliath frogs
  8 bog bodies
  11 starcursed masses (WizLab)
  6 naga ritualists
  A wizard (Vaults:1)
  4 swamp dragons (Swamp:4)
  Pikel (D:4)
  5 ironbound convokers
  3 lindwurms
  An orc knight (Orc:1)
  2 deep elf pyromancers (D:13)
  8 orc sorcerers (Orc:2)
  12 mana vipers
  32 ugly things
  3 manticores
  A salamander (shapeshifter) (D:14)
  3 cyclopes
  3 will-o-the-wisps
  31 salamanders
  38 black mambas
  16 elephants
  18 naga magi
  2 eyes of devastation (WizLab)
  Maurice (Orc:2)
  A vault sentinel (Vaults:2)
  An orange demon (Swamp:4)
  8 guardian serpents (Snake:4)
  2 ice statues (IceCv)
  2 torpor snails
  A gargoyle (D:12)
  A demonic crawler (Lair:3)
  9 komodo dragons
  4 unseen horrors
  3 kobold demonologists
  Psyche (D:9)
  23 cane toads
  4 yaktaurs (Vaults:1)
  A tengu conjurer (D:13)
  2 ice devils (Lair:2)
  7 trolls
  2 freezing wraiths
  12 tyrant leeches
  9 hornets
  A tarantella (shapeshifter) (D:13)
  3 polar bears
  23 slime creatures
  A queen bee (Lair:1)
  6 dream sheep (Lair:3)
  27 blink frogs
  A centaur simulacrum (D:14)
  10 spriggans
  5 shadows
  45 yaks
  2 wraiths
  3 wyverns
  Eustachio (D:4)
  4 basilisks
  8 golden eyes (WizLab)
  Menkaure (D:6)
  2 steam dragons
  5 vampire mosquitoes
  2 large abominations (Swamp:4)
  A neqoxec (WizLab)
  A small abomination (Swamp:4)
  8 wargs (Orc:2)
  3 acid dragons
  14 swamp worms
  34 nagas
  A floating eye (shapeshifter) (D:14)
  8 water moccasins
  17 orc warriors
  3 sky beasts
  3 ice beasts
  5 ogres
  5 swamp drakes
  3 black bears (D:5)
  2 great orb of eyes simulacra (IceCv)
  4 wolves (Lair:3)
  9 centaurs
  2 phantoms (D:6)
  3 orc simulacra (Orc:2)
  5 slime creature simulacra (IceCv)
  Blork the orc (D:6)
  24 bullfrogs
  9 kobold brigands
  3 gnoll sergeants
  A necrophage (D:5)
  7 scorpions
  3 glowing shapeshifter simulacra (IceCv)
  3 wights (D:7)
  31 killer bees
  9 howler monkeys
  3 electric eels
  The ghost of Voland the Gusty, a weakling TeAE (D:3)
  4 lava snakes (Snake:2)
  5 jellies
  15 orc priests
  Crazy Yiuf (D:6)
  A gnoll bouda (D:6)
  4 hounds
  A warg simulacrum (Orc:2)
  4 hell rats (Lair:5)
  6 iguanas
  47 orc wizards
  A spectral orc (Orc:2)
  A shapeshifter simulacrum (IceCv)
  A troll simulacrum (Orc:2)
  19 gnolls
  13 adders
  2 river rats (Sewer)
  A shadow imp (D:3)
  A white imp (D:6)
  6 worms
  4 dart slugs
  82 orcs
  4 endoplasms
  7 giant cockroaches
  3 goblins
  10 hobgoblins
  12 jackals
  22 kobolds
  8 quokkas
  12 ball pythons
  8 bats
  5 frilled lizards
  11 rats
  8 starspawn tentacles (WizLab)
1230 creatures vanquished.

Vanquished Creatures (collateral kills)
  An azure jelly (IceCv)
  2 quicksilver oozes (IceCv)
  A great orb of eyes (Swamp:4)
  A naga sharpshooter (Snake:4)
  A goliath frog (Swamp:3)
  A wretched star (WizLab)
  A bog body (Swamp:3)
  A black mamba (Lair:5)
  A naga mage (Snake:4)
  A tyrant leech (Swamp:1)
  2 blink frogs (Lair:5)
  A spriggan (Swamp:1)
  3 swamp worms (Swamp:1)
  2 nagas (Snake:4)
  3 great orb of eyes simulacra (IceCv)
  2 slime creature simulacra (IceCv)
  A glowing shapeshifter simulacrum (IceCv)
  4 starcursed masses (WizLab)
  A shapeshifter simulacrum (IceCv)
30 creatures vanquished.

Vanquished Creatures (others)
  A naga warrior (Snake:4)
  An alligator (Swamp:2)
  A tengu conjurer (D:13)
  3 bloated husks
  A black bear (D:10)
  A bullfrog (Lair:5)
  A gnoll (D:3)
  A jackal (D:2)
  A demonic plant (WizLab)
  10 foxfires
  29 fungi
  139 plants
  18 starspawn tentacles (WizLab)
207 creatures vanquished.

Grand Total: 1467 creatures vanquished

Notes
Turn   | Place    | Note
-------+----------+-------------------------------------------
     0 | D:1      | Gabide the Formicid Berserker began the quest for the Orb.
     0 | D:1      | Reached XP level 1. HP: 18/18 MP: 1/1
    94 | D:1      | Reached XP level 2. HP: 15/24 MP: 2/2
   293 | D:1      | Found a faded altar of an unknown god.
   508 | D:1      | Reached XP level 3. HP: 21/29 MP: 3/3
   926 | D:2      | Reached ** piety under Trog
  1132 | D:2      | Reached XP level 4. HP: 34/37 MP: 4/4
  1139 | D:2      | Reached skill level 4 in Maces & Flails
  1369 | D:2      | You fall into a shaft and drop 2 floors!
  1453 | D:3      | Found a runed translucent gate.
  1453 | D:3      | Found a runed translucent gate.
  1453 | D:3      | Found a runed translucent gate.
  1453 | D:3      | Found an opulent altar of Gozag.
  1454 | D:3      | Noticed Voland's ghost (weakling TeAE)
  1520 | D:3      | Found a bloodstained altar of Trog.
  1923 | D:3      | Reached XP level 5. HP: 27/42 MP: 5/5
  2547 | D:3      | Found an opulent altar of Gozag.
  2548 | D:3      | Found a hide-covered altar of Uskayaw.
  2548 | D:3      | Found a white marble altar of Elyvilon.
  2549 | D:3      | Found a burning altar of Makhleb.
  2784 | D:3      | Found a blossoming altar of Fedhas.
  2876 | D:3      | Killed Voland's ghost
  2877 | D:3      | Reached XP level 6. HP: 32/49 MP: 6/6
  3274 | D:4      | Noticed Eustachio
  3314 | D:4      | Killed Eustachio
  3315 | D:4      | Reached skill level 5 in Maces & Flails
  3345 | D:4      | Reached XP level 7. HP: 40/55 MP: 7/7
  3562 | D:4      | Found Icveidghu's Gadget Gallery.
  3567 | D:4      | Reached skill level 5 in Fighting
  3603 | D:4      | Noticed Pikel
  3640 | D:4      | Killed Pikel
  3641 | D:4      | Reached skill level 7 in Maces & Flails
  3641 | D:4      | Reached XP level 8. HP: 21/64 MP: 8/8
  4572 | D:5      | Entered Level 5 of the Dungeon
  4912 | D:5      | Reached skill level 8 in Maces & Flails
  4912 | D:5      | Reached skill level 5 in Dodging
  4912 | D:5      | Reached XP level 9. HP: 54/71 MP: 9/9
  5106 | D:5      | Reached *** piety under Trog
  5467 | D:5      | Found Allen's Antique Armour Emporium.
  6464 | D:6      | Noticed Menkaure
  6479 | D:6      | Killed Menkaure
  6551 | D:6      | Reached skill level 9 in Maces & Flails
  6925 | D:6      | Found a staircase to the Ecumenical Temple.
  6949 | D:6      | Found a runed translucent door.
  6950 | D:6      | Noticed Crazy Yiuf
  7080 | D:6      | Found a snail-covered altar of Cheibriados.
  7121 | D:6      | Found a glowing drain.
  7130 | Sewer    | Entered a sewer
  7873 | D:6      | Reached XP level 10. HP: 64/80 MP: 10/10
  8090 | D:6      | Reached skill level 10 in Maces & Flails
  8724 | D:6      | Noticed an unseen horror
  8724 | D:6      | Noticed Blork the orc
  8729 | D:6      | Killed Blork the orc
  8762 | D:6      | Killed an unseen horror
  9001 | D:6      | Identified the +10 sling "Purrupn" {freeze, +Blink rC+}
  9122 | D:6      | Killed Crazy Yiuf
  9193 | D:7      | Found a shimmering blue altar of Sif Muna.
  9326 | D:7      | Reached skill level 11 in Maces & Flails
  9937 | D:8      | Found an iron altar of Okawaru.
  9941 | D:8      | Reached **** piety under Trog
  9997 | D:8      | Found a shadowy altar of Dithmenos.
 10040 | D:8      | Reached XP level 11. HP: 71/89 MP: 11/11
 10564 | D:9      | Noticed Psyche
 10575 | D:9      | Killed Psyche
 10671 | D:9      | Reached skill level 12 in Maces & Flails
 10976 | D:9      | Identified the +2 ring mail of Wasted Space {Rampage}
 11134 | D:10     | Entered Level 10 of the Dungeon
 11139 | D:10     | Reached skill level 10 in Fighting
 11348 | D:10     | Reached skill level 13 in Maces & Flails
 11428 | D:10     | Identified the +4 short sword of Cuamooba {pain, rPois rC-
                  | Str+4 Int+4}
 11605 | D:10     | Reached ***** piety under Trog
 11640 | D:10     | Identified a scroll of acquirement
 11641 | D:10     | Acquired 792 gold pieces
 11649 | D:10     | Noticed a two-headed ogre
 11655 | D:10     | Killed a two-headed ogre
 11656 | D:10     | Reached XP level 12. HP: 98/98 MP: 12/12
 11890 | D:10     | Found a staircase to the Lair.
 12058 | Lair:1   | Entered Level 1 of the Lair of Beasts
 12381 | Lair:1   | Noticed a catoblepas
 12400 | Lair:1   | Killed a catoblepas
 12494 | Lair:1   | Reached skill level 14 in Maces & Flails
 12899 | Lair:2   | Noticed a five-headed hydra
 12908 | Lair:1   | Killed a five-headed hydra
 12984 | Lair:2   | Found a frozen archway.
 12994 | IceCv    | Entered an ice cave
 13361 | IceCv    | Noticed a quicksilver ooze
 13366 | IceCv    | Killed a quicksilver ooze
 13383 | IceCv    | Noticed a quicksilver ooze
 13387 | IceCv    | Killed a quicksilver ooze
 13388 | IceCv    | Reached XP level 13. HP: 107/107 MP: 13/13
 13420 | IceCv    | Noticed a quicksilver ooze
 13437 | IceCv    | Killed a quicksilver ooze
 13438 | IceCv    | Reached skill level 15 in Maces & Flails
 13439 | IceCv    | Noticed an azure jelly
 13543 | IceCv    | Killed an azure jelly
 13544 | IceCv    | Reached skill level 10 in Dodging
 13703 | IceCv    | Found a viscous altar of Jiyva.
 13719 | IceCv    | Identified the +8 ice dragon scales of Immorality {Fly rF-
                  | rC++}
 13845 | IceCv    | Identified the ring of Awe {Str+6 Int+2}
 14017 | Lair:2   | Found a staircase to the Snake Pit.
 14065 | Lair:2   | Reached skill level 5 in Armour
 14711 | Lair:3   | Noticed a seven-headed hydra
 14718 | Lair:3   | Killed a seven-headed hydra
 14902 | Lair:3   | Found a staircase to the Swamp.
 15050 | Lair:3   | Reached skill level 10 in Armour
 15461 | Lair:3   | Reached XP level 14. HP: 115/115 MP: 14/14
 15620 | Lair:4   | Acquired 968 gold pieces
 15708 | Lair:4   | Found a staircase to the Slime Pits.
 15709 | Lair:4   | Found a viscous altar of Jiyva.
 15771 | Lair:4   | Acquired a manual of Dodging
 15808 | Lair:4   | Acquired a manual of Fighting
 16389 | Lair:5   | Entered Level 5 of the Lair of Beasts
 16433 | Lair:4   | Reached skill level 16 in Maces & Flails
 16961 | Lair:5   | Received a gift from Trog
 17101 | Lair:5   | Reached XP level 15. HP: 89/126 MP: 15/15
 17121 | Lair:5   | Reached skill level 17 in Maces & Flails
 18162 | D:11     | Reached skill level 15 in Fighting
 18166 | D:11     | Received a gift from Trog
 18261 | D:11     | Found a portal to a secret trove of treasure.
 18425 | D:11     | Found a staircase to the Orcish Mines.
 18826 | Orc:1    | Entered Level 1 of the Orcish Mines
 19015 | Orc:2    | Entered Level 2 of the Orcish Mines
 19015 | Orc:2    | Noticed Maurice
 19137 | Orc:2    | Killed Maurice
 19150 | Orc:2    | Found Sinkyjops's Book Boutique.
 19287 | Orc:2    | Received a gift from Trog
 19371 | Orc:2    | Found a staircase to the Elven Halls.
 19386 | Orc:2    | Found Butila's Assorted Antiques.
 19421 | Orc:2    | Found Kij Hih's Armour Emporium.
 19421 | Orc:2    | Found Hatip's Weapon Shop.
 19507 | Orc:2    | Found a runed translucent gate.
 19522 | Orc:2    | Found a runed translucent gate.
 19523 | Orc:2    | Found a runed translucent gate.
 19528 | Orc:2    | Noticed donbex's ghost (journeyman DECj)
 19567 | Orc:2    | Found Xaex's Weapon Shop.
 19593 | Orc:2    | Found Xuefann's Assorted Antiques.
 19593 | Orc:2    | Found Qikepro's Book Boutique.
 19594 | Orc:2    | Bought a potion of curing for 78 gold pieces
 19594 | Orc:2    | Bought a clouded crystal amulet for 130 gold pieces
 19594 | Orc:2    | Identified the amulet of Tal Tat {Spirit rC- Str+5} (You
                  | bought it in a shop on level 2 of the Orcish Mines)
 19913 | Orc:2    | Found Ydue's Magic Scroll Shop.
 19927 | Orc:2    | Reached ****** piety under Trog
 19942 | Orc:2    | Bought a scroll of fear for 60 gold pieces
 19942 | Orc:2    | Bought a scroll of enchant armour for 112 gold pieces
 19942 | Orc:2    | Bought a scroll of brand weapon for 142 gold pieces
 19942 | Orc:2    | Bought a scroll of magic mapping for 112 gold pieces
 19942 | Orc:2    | Bought a scroll of identify for 30 gold pieces
 19942 | Orc:2    | Bought a scroll of magic mapping for 112 gold pieces
 19942 | Orc:2    | Bought a scroll of magic mapping for 112 gold pieces
 19948 | Orc:2    | Found Zoeloash's Antique Weapon Emporium.
 20151 | Orc:2    | Killed donbex's ghost
 20152 | Orc:2    | Reached skill level 18 in Maces & Flails
 20203 | Orc:1    | Identified the +9 glaive "Qeinog" {antimagic, rElec Stlth+}
                  | (Trog gifted it to you on level 1 of the Orcish Mines)
 20203 | Orc:1    | Received a gift from Trog
 20288 | Orc:1    | Found a runed translucent door.
 20290 | Orc:1    | Noticed TangoThomas's ghost (journeyman DsCA)
 20299 | Orc:1    | Noticed Sonja
 20304 | Orc:1    | Killed Sonja
 20555 | Orc:1    | Killed TangoThomas's ghost
 20727 | D:12     | Identified the +2 trident of Subjectivity {elec, *Slow
                  | +Blink rCorr Dex+3}
 20747 | D:12     | Noticed Snorg
 20760 | D:12     | Killed Snorg
 20971 | D:12     | Found a large runed translucent door.
 20971 | D:12     | Found a large runed translucent door.
 20975 | D:12     | Noticed Jauss's ghost (journeyman MiFi)
 21356 | D:12     | Killed Jauss's ghost
 21359 | D:12     | Identified the +1 ring mail of the Realm of Zot {rElec
                  | Str+4 Int+2 Stlth-}
 21607 | D:13     | Reached XP level 16. HP: 115/139 MP: 12/16
 22222 | D:13     | Received a gift from Trog
 22966 | D:14     | Reached skill level 19 in Maces & Flails
 23040 | D:14     | Found a basalt altar of Yredelemnul.
 23042 | D:14     | Found a shimmering altar of Xom.
 23042 | D:14     | Found a blossoming altar of Fedhas.
 23104 | D:14     | Found a shimmering blue altar of Sif Muna.
 23104 | D:14     | Found a hide-covered altar of Uskayaw.
 23104 | D:14     | Found a shimmering altar of Xom.
 23196 | D:14     | Found a gate to the Vaults.
 23243 | D:15     | Entered Level 15 of the Dungeon
 23387 | D:15     | Reached skill level 15 in Dodging
 23528 | D:15     | Found a staircase to the Depths.
 24123 | Swamp:1  | Entered Level 1 of the Swamp
 24137 | Swamp:1  | Noticed Mlioglotl
 24168 | Swamp:1  | Killed Mlioglotl
 24521 | Swamp:1  | Reached XP level 17. HP: 91/149 MP: 11/17
 24707 | Swamp:1  | Received a gift from Trog
 25761 | Swamp:2  | Reached skill level 20 in Maces & Flails
 26288 | Swamp:3  | Noticed a tentacled monstrosity
 26312 | Swamp:3  | Killed a tentacled monstrosity
 27023 | Swamp:4  | Entered Level 4 of the Swamp
 27740 | Swamp:4  | Received a gift from Trog
 27741 | Swamp:4  | Reached XP level 18. HP: 113/159 MP: 12/18
 27888 | Swamp:4  | Identified the +6 spear "Baam" {elec, rC+ Int+4 Stlth+}
 28092 | Swamp:4  | Reached skill level 21 in Maces & Flails
 28142 | Swamp:4  | Noticed the 27-headed Lernaean hydra
 28150 | Swamp:4  | Killed the 27-headed Lernaean hydra
 28300 | Swamp:4  | Got a decaying rune of Zot
 28571 | Snake:1  | Entered Level 1 of the Snake Pit
 30209 | Snake:2  | Found Nudd's Magic Scroll Boutique.
 30214 | Snake:2  | Bought a scroll of identify for 40 gold pieces
 30214 | Snake:2  | Bought a scroll of magic mapping for 150 gold pieces
 30214 | Snake:2  | Bought a scroll of identify for 40 gold pieces
 30214 | Snake:2  | Bought a scroll of fear for 80 gold pieces
 30216 | Snake:2  | Found Lomoesej's Assorted Antiques.
 30222 | Snake:2  | Bought a dazzling scale mail for 324 gold pieces
 30222 | Snake:2  | Identified the +3 scale mail of the Valley of Death {+Blink
                  | rPois Dex+2 SInv} (You bought it in a shop on level 2 of
                  | the Snake Pit)
 30778 | Snake:2  | Found Suec's Assorted Antiques.
 30787 | Snake:2  | Bought a potion of resistance for 370 gold pieces
 30787 | Snake:2  | Bought a potion of invisibility for 296 gold pieces
 30787 | Snake:2  | Bought a potion of curing for 111 gold pieces
 31145 | Snake:2  | Noticed Aizul
 31152 | Snake:2  | Killed Aizul
 31564 | Snake:3  | Reached skill level 22 in Maces & Flails
 31707 | Snake:3  | Found Neibac's Antique Armour Boutique.
 31985 | Snake:3  | Reached XP level 19. HP: 79/168 MP: 6/19
 32125 | Snake:4  | Entered Level 4 of the Snake Pit
 32229 | Snake:4  | Received a gift from Trog
 33361 | Snake:4  | Found Woveubog's Whimsical Warehouse.
 33411 | Snake:4  | Received a gift from Trog
 33557 | Snake:4  | Found an iron altar of Okawaru.
 33964 | Snake:4  | Reached skill level 23 in Maces & Flails
 34011 | Snake:4  | Got a serpentine rune of Zot
 34294 | Snake:4  | Received a gift from Trog
 34295 | Snake:4  | Reached XP level 20. HP: 171/178 MP: 20/20
 34621 | Vaults:1 | Entered Level 1 of the Vaults
 35155 | Vaults:1 | Found Zunwodum's Distillery.
 35163 | Vaults:1 | Bought a potion of heal wounds for 105 gold pieces
 35163 | Vaults:1 | Bought a potion of heal wounds for 105 gold pieces
 35163 | Vaults:1 | Bought a potion of lignification for 63 gold pieces
 35163 | Vaults:1 | Bought a potion of might for 84 gold pieces
 35814 | Vaults:2 | Found a magical portal.
 35825 | WizLab   | Entered Lehudib's Moon Base
 36092 | WizLab   | Received a gift from Trog
 36140 | WizLab   | Found a transporter.
 36366 | WizLab   | Found a transporter.
 36410 | WizLab   | Reached skill level 24 in Maces & Flails
 37002 | WizLab   | Identified the +1 pair of boots of Inference {*Corrode
                  | rPois rF- rN+++}
 37003 | WizLab   | Identified the ring "Sehiceal" {rF+ AC+4}
 37111 | Vaults:2 | Reached XP level 21. HP: 153/186 MP: 17/21
 37439 | Vaults:2 | Mangled by a vault warden

Illustrated notes

Levels and vault maps discovered:
D:1:      mrwooster_arrival_statue, layout_rooms,
          hellmonk_ecumenical_altar_lost_god
D:2:      layout_rooms, serial_bayou, serial_bayou_pond_e, serial_bayou_shore_b,
          serial_bayou_crossing, serial_bayou_pond_e
D:3:      layout_basic, minitemple, lemuel_coloured_pillars_altar,
          ebering_ghost_gozag, roderic_nine_men_s_morris
D:4:      layout_loops_corners, nicolae_shop_gadgets, uniq_pikel, uniq_eustachio
D:5:      layout_layer_cave, serial_shops, nicolae_square_shop
D:6:      wad_guarded_room, layout_loops_corners, kennysheep_slug_shrine,
          minmay_temple_entry_tees, cheibrodos_sewer_entry_drain,
          uniq_crazy_yiuf_cottage, uniq_menkaure, uniq_blork_the_orc
D:7:      layout_rooms, mainiacjoe_overflow_paths,
          hangedman_abyss_or_decor_passed
D:8:      layout_loops_ring, nicolae_overflow_crystal_walls,
          grunt_dithmenos_smoke, minmay_misc_feat_diagonals
D:9:      layout_roguey, nrook_mini_backslash, uniq_psyche
D:10:     layout_cave_pods, grunt_lair_entry_orc_guard_hut
D:11:     layout_basic, david_orc_3, nicolae_trove_entry_crossroad
D:12:     layout_rooms, ebering_ghost_disaster_area, uniq_snorg
D:13:     layout_basic
D:14:     layout_roguey, david_vaults_4, doesnt_xom_only_xom
D:15:     hangedman_depths_entry_try_elsewhere_first, layout_rooms
Lair:1:   layout_gridlike
Lair:2:   layout_hall_layers, special_room [special_room_bee],
          portal_ice_cave_demonic_guard, lemuel_fruit_tree,
          infiniplex_staircase_pool, serial_bayou_shore_a
Lair:3:   layout_loops_ring, swamp_mist_pool, serial_bayou_lagoon_a,
          minivault_24, worms_lemuel, infiniplex_staircase_pool_2,
          grunt_megastairs_2, lemuel_fruit_fields
Lair:4:   layout_roguey, slime_entry_1
Lair:5:   minmay_lair_end_frog_pond, layout_cave_pods, nicolae_lair_lindhole,
          serial_bayou_shore_b
Swamp:1:  layout_basic_swamp, nicolae_swamp_orc_logging_accident, swamp_pool4,
          uniq_mlioglotl
Swamp:2:  layout_basic_swamp, nicolae_swamp_little_tower, swamp_pool5
Swamp:3:  layout_falls_marsh, nicolae_swamp_tree_isthmus
Swamp:4:  swamp_vile, layout_basic_swamp
Snake:1:  layout_onion_interference
Snake:2:  layout_basic, serial_shops, nicolae_shop_hallway_plus,
          nicolae_shop_crystal, nicolae_shop_overgrown_old_shop, st_stairs_1,
          uniq_aizul
Snake:3:  layout_grid_shapes, serial_shops, nicolae_shop_trees,
          grunt_ministairs_2
Snake:4:  grunt_snake_rune_spirals, layout_onion_interference, basic_altar,
          nicolae_alphabet_shops
Orc:1:    layout_caves, ebering_ghost_inner_flame, uniq_sonja
Orc:2:    st_orc_town, layout_caves, gammafunk_ghost_necromancy, serial_shops,
          shop, nicolae_shop_statue_plus, shop, nicolae_shop_overgrown_old_shop,
          shop, nicolae_orc_stony_grotto, uniq_maurice
Vaults:1: grunt_vaults_focal, v_misc_16, nicolae_vaults_network_star,
          vaults_dpeg_encased_lava, layout_vaults_omnigrid, serial_shops,
          nicolae_shop_crystal
Vaults:2: infiniplex_enter_wizlab_glasses, ontoclasm_vaults_ring_square,
          v_alt_pattern_3, vaults_standard_mumra_enter_the_diamond,
          vaults_room_fours, ontoclasm_vaults_misaligned,
          nicolae_vaults_murderbox, v_alt_pattern_6,
          nicolae_vaults_ninety_degrees, nicolae_vaults_mini_display_case,
          vaults_room_hallway, vaults_room_fours, layout_vaults_omnicross,
          uniq_boris, uniq_mara

Skill      XL: |  1  2  3  4  5  6  7  8  9 10 11 12 13 14 15 16 17 18 19 20 |
---------------+-------------------------------------------------------------+-----
Dodging        | 2 3 4 5 6 7 8 9 10 12 13 15 16 17 18 | 18.4
Maces & Flails | 4 5 7 8 9 11 13 14 15 16 18 19 20 22 23 24 | 24.5
Fighting       | 4 5 6 7 9 10 11 12 14 16 18 19 20 21 | 21.3
Armour         | 10 | 10.0

Action                   |  1- 3 |  4- 6 |  7- 9 | 10-12 | 13-15 | 16-18 | 19-21 || total
-------------------------+-------+-------+-------+-------+-------+-------+-------++-------
Melee: Mace              |    55 |       |       |       |       |       |       ||    55
       Flail             |    52 |   166 |    38 |       |       |       |       ||   256
       Punch             |       |     2 |     2 |       |       |       |       ||     4
       Whip              |       |       |   308 |       |       |       |       ||   308
       Giant club        |       |       |    92 |   317 |  1169 |   902 |    29 ||  2509
       Unarmed           |       |       |       |     2 |       |       |       ||     2
       Giant spiked club |       |       |       |       |       |       |   612 ||   612
 Fire: Sling             |       |       |       |   232 |     3 |       |       ||   235
Throw: Throwing net      |       |     4 |     1 |     2 |       |       |       ||     7
       Boomerang         |       |       |       |     2 |     5 |    16 |       ||    23
Invok: Trog's Hand       |     1 |     5 |     8 |     6 |    16 |    14 |    29 ||    79
       Brothers in Arms  |       |       |       |     1 |     3 |     5 |     4 ||    13
Evoke: Wand              |     1 |     2 |     4 |     1 |     2 |     3 |       ||    13
       Phantom mirror    |       |       |       |       |       |     1 |       ||     1
  Use: Scroll            |     1 |     3 |     6 |    14 |    12 |     5 |     3 ||    44
       Potion            |       |       |     3 |     1 |    15 |    19 |    10 ||    48
 Stab: Held in net/web   |       |     1 |     2 |       |       |       |       ||     3
       Invisible         |       |       |       |       |     4 |       |     1 ||     5
       Distracted        |       |       |       |       |     1 |     1 |       ||     2
Armor: Animal skin       |    13 |       |       |       |       |       |       ||    13
       Scale mail        |    28 |    54 |    91 |       |       |    62 |   110 ||   345
       Ring mail         |       |       |    27 |    20 |       |       |       ||    47
       Troll leather arm |       |       |       |    75 |       |       |    32 ||   107
       Robe              |       |       |       |     8 |     9 |       |       ||    17
       Ice dragon scales |       |       |       |       |   791 |   469 |    69 ||  1329
       Swamp dragon scal |       |       |       |       |       |    18 |       ||    18
Dodge: Dodged            |    74 |    98 |   202 |   283 |  1247 |   718 |   488 ||  3110
Block: Other             |       |       |    97 |    72 |       |       |       ||   169
       Reflection        |       |       |     2 |     2 |       |       |       ||     4
